 Dungeon Crawl Stone Soup version 0.20-a0-984-ge8aa303 (webtiles) character file.

25 kuniqs the Charmwright (level 3, 26/29 HPs)
             Began as a Bultungin Skald on Apr 10, 2017.
             Quit the game on level 1 of the Dungeon.
             The game lasted 00:01:40 (728 turns).

kuniqs the Charmwright (Bultungin Skald)             Turns: 728, Time: 00:01:40

Health: 26/29      AC:  3    Str: 10    XL:     3   Next: 6%
Magic:  8/8        EV: 13    Int: 13    God:
Gold:   28         SH:  0    Dex: 14    Spells: 8/9 levels left

rFire    . . .     SeeInvis +   a - +0 falchion
rCold    . . .     Gourm    .   (no shield)
rNeg     . . .     Faith    .   b - +0 leather armour
rPois    .         Spirit   .   (no helmet)
rElec    .         Reflect  .   (no cloak)
rCorr    .         Harm     .   (no gloves)
MR       .....                  (no boots)
Stlth    +.........             (no amulet)
Regen    0.1/turn               (no ring)
MPRegen  0.2/turn               (no ring)

@: no status effects
A: short attention span, fangs 1, see invisible, strong nose
a: no special abilities


You were on level 1 of the Dungeon.
You were not hungry.

You visited 1 branch of the dungeon, and saw 1 of its levels.

You collected 28 gold pieces.

Inventory:

Hand Weapons
 a - a +0 falchion (weapon)
Armour
 b - a +0 leather armour (worn)
Potions
 g - a potion of cancellation {unknown}
 h - 2 potions of flight {unknown}
Books
 c - a book of Battle

   Spells                             Type                      Level
   a - Infusion                       Charms                       1
   b - Shroud of Golubria             Charms/Translocation         2
   c - Song of Slaying                Charms                       2
   d - Spectral Weapon                Hexes/Charms                 3
   e - Regeneration                   Charms/Necromancy            3
Comestibles
 d - a bread ration
 e - a meat ration
 f - 3 chunks of flesh


   Skills:
 + Level 3.5 Fighting
 + Level 3.5 Long Blades
 + Level 2.0 Armour
 + Level 3.3 Dodging
 + Level 3.5 Spellcasting
 + Level 4.8 Charms


You had 8 spell levels left.
You knew the following spells:

 Your Spells              Type           Power        Failure   Level  Hunger
a - Infusion              Chrm           ##..         4%          1    #......


Dungeon Overview and Level Annotations

Branches:
Dungeon (1/15)

Altars:


Innate Abilities, Weirdness & Mutations

You have a short attention span.
You have very sharp teeth.
You have supernaturally acute eyesight. (SInv)
Your uncanny sense of smell can sniff out nearby items.


Message History

You see here a mace.
Some of the chunks of flesh in your inventory have rotted away.
You now have 28 gold pieces (gained 7).
Some of the chunks of flesh in your inventory have rotted away.
Some of the chunks of flesh in your inventory have rotted away.
Found 8 javelins.
A dart slug comes into view.
The dart slug moves out of view.
The dart slug is too close now for your liking.
The dart slug launches a dart at you. The slug dart hits you!
The dart slug closely misses you.
You riposte.
You hit the dart slug. You hit the dart slug. You hit the dart slug.
You kill the dart slug!
Your Armour skill increases to level 2!
You have reached level 3!
Your experience leads to an increase in your attributes!
Increase (S)trength, (I)ntelligence, or (D)exterity?
You feel agile.

#.......# #.# #.......# #.#
#....>..# #.# ###...### ##### #.#
#...# #...#######.## ##.##
#............# #.# ...#######..#
##.## ##†## #..######
#####...#######.@.#######.......#
..........................###....
#####...#######..(######### #....
##(#########..# #..). ###
#............# #.... ..#
#..###.#####.# #[... #.#
#..##.#.## #.# ###.# #.#
#....###.###.#############.#
#.#####..## ##...................


There were no monsters in sight!

Vanquished Creatures
  3 dart slugs (D:1)
  2 bats (D:1)
  A giant cockroach (D:1)
  3 goblins (D:1)
  3 hobgoblins (D:1)
  2 frilled lizards (D:1)
  3 kobolds (D:1)
  2 rats (D:1)
19 creatures vanquished.

Notes
Turn   | Place    | Note
-------+----------+-------------------------------------------
     0 | D:1      | kuniqs the Bultungin Skald began the quest for the Orb.
     0 | D:1      | Reached XP level 1. HP: 18/18 MP: 4/4
   143 | D:1      | Reached XP level 2. HP: 11/24 MP: 6/6
   727 | D:1      | Reached XP level 3. HP: 26/29 MP: 8/8
   728 | D:1      | Quit the game

Vault maps used:
D:1:      saegor_arrival_simple_c

Skill      XL: |  1  2 |
---------------+-------+-----
Armour         | 2 |  2.0
Fighting       | |  3.5
Long Blades    | |  3.5
Dodging        | |  3.3
Spellcasting   | |  3.5
Charms         | |  4.8

Action                   || total
-------------------------++-------
Melee: Falchion          ||    48
       Bite              ||     5
Armor: Leather armour    ||    12
Dodge: Dodged            ||    30
       Rpst.: Falchion   ||    11
